 Dungeon Crawl Stone Soup version 0.23-a0-831-g5da158a (console) character file.

102 Duffy the Magician (level 4, 0/36 HPs)
             Began as a Naga Wizard on Jan 23, 2019.
             Slain by a kobold (4 damage)
             ... on level 3 of the Dungeon.
             The game lasted 00:03:16 (2473 turns).

Duffy the Magician (Naga Wizard)                    Turns: 2473, Time: 00:03:16

Health: 0/36       AC:  2    Str:  8 (9)  XL:     4   Next: 77%
Magic:  3/8        EV:  9    Int: 18 (20) God:
Gold:   105        SH:  0    Dex:  8 (9)  Spells: 2/9 levels left

rFire    . . .     SeeInvis +   g - +0 dagger
rCold    + + .     Gourm    .   (no shield)
rNeg     . . .     Faith    .   a - +0 robe
rPois    +         Spirit   .   m - +0 hat {MR+}
rElec    .         Reflect  .   (no cloak)
rCorr    .         Harm     .   (no gloves)
MR       +....                  (no barding)
Stlth    ++........             (no amulet)
HPRegen  0.12/turn              c - ring of protection from cold
MPRegen  0.11/turn              h - ring of protection from cold

@: about to teleport, very slow
A: large, see invisible, deformed body, poison resistance, slowness 2, slow
metabolism 1, spit poison 1, AC +1
a: Spit Poison


You were on level 3 of the Dungeon.
You were hungry.

You visited 1 branch of the dungeon, and saw 3 of its levels.

You collected 105 gold pieces.

Inventory:

Hand Weapons
 g - a +0 dagger (weapon)
Armour
 a - a +0 robe (worn)
 m - a +0 hat of magic resistance (worn)
Jewellery
 c - a ring of protection from cold (left hand)
 h - a ring of protection from cold (right hand)
Scrolls
 i - a scroll of magic mapping {unknown}
 j - 2 scrolls of noise
 k - a scroll of enchant weapon {unknown}
 l - 2 scrolls of identify
Potions
 e - a potion of flight
Comestibles
 d - 4 rations
 o - 6 chunks of flesh


   Skills:
 - Level 1.5 Dodging
 - Level 3.0 Stealth
 + Level 3.3 Spellcasting
 - Level 3.0 Conjurations
   Level 1.0 Summonings
   Level 1.0 Translocations
 + Level 1.2 Fire Magic
 + Level 1.1 Air Magic
 + Level 2.0 Poison Magic


You had 2 spell levels left.
You knew the following spells:

 Your Spells              Type           Power        Failure   Level  Hunger
h - Magic Dart            Conj           ##..         4%          1    None
k - Mephitic Cloud        Conj/Pois/Air  ##......     21%         3    ###....
l - Conjure Flame         Conj/Fire      ##......     21%         3    ###....

Your spell library contained the following spells:

 Spells                   Type           Power        Failure   Level  Hunger
 Blink                    Tloc           N/A          16%         2    ##.....
 Call Imp                 Summ           #.......     16%         2    ##.....
 Slow                     Hex            #.......     24%         2    ##.....


Dungeon Overview and Level Annotations

Branches:
Dungeon (3/15)

Altars:
Elyvilon
Wu Jian

Annotations:
D:3 exclusion: vampire bat


Innate Abilities, Weirdness & Mutations

You cannot wear boots.
Your serpentine skin is tough. (AC +1)
You have supernaturally acute eyesight. (SInv)
Armour fits poorly on your strangely shaped body.
Your system is resistant to poisons. (rPois)
You cover ground very slowly.
You have a slow metabolism.
You can spit poison.


Message History

You closely miss the orc. The orc closely misses you.
The orc barely misses you. The goblin hits you. The orc hits you.
The orc misses you. The orc completely misses you. The goblin hits you.
As you read the scroll labeled PIYDES ANWYCU, it crumbles to dust.
You hear a loud clanging noise!
It was a scroll of noise.
The orc closely misses you. The orc barely misses you. The goblin hits you.
As you read the scroll labeled XIMIUM YDYRUCY, it crumbles to dust.
It is a scroll of identify.
b - a scroll of teleportation You feel a little less agile now.
The giant cockroach bites you but does no damage.
The orc hits you with a +0 dagger. The orc misses you.
The orc closely misses you. The goblin hits you. The kobold hits you.
As you read the scroll of teleportation, it crumbles to dust.
You feel strangely unstable. The giant cockroach bites you.
The orc hits you with a +0 dagger. The goblin hits you.
The orc barely misses you. The orc hits you but does no damage.
The kobold hits you.
You die...

.......###
..........o.##.....##..#
.......#
##.##..###.####.####..#
.......# ..#..#
#..o.........# ########
#.#..# ####)s.##.##.# ..
#.#..########.##.# .# ##
#........# ...... ..
#####..o.....# ..K.......
......ooK....#...o.......
#####og@o....#...s<......
#.s......#.>.........
##.......#......oo...
#.......# #.......#
#########


You could see 5 orcs, a giant cockroach, a goblin and a kobold.

Vanquished Creatures
  Natasha (D:3)
  An adder (D:2)
  2 oozes
  A worm (D:2)
  2 dart slugs (D:1)
  2 leopard geckos
  4 orcs (D:3)
  3 giant cockroaches
  8 goblins
  3 hobgoblins
  2 jackals (D:1)
  A quokka (D:2)
  2 ball pythons (D:3)
  7 bats
  A frilled lizard (D:2)
  4 kobolds
  6 rats
50 creatures vanquished.

Notes
Turn   | Place    | Note
-------+----------+-------------------------------------------
     0 | D:1      | Duffy the Naga Wizard began the quest for the Orb.
     0 | D:1      | Reached XP level 1. HP: 15/15 MP: 4/4
   123 | D:1      | Reached XP level 2. HP: 20/22 MP: 0/6
   483 | D:1      | Reached XP level 3. HP: 20/28 MP: 0/7
   488 | D:1      | Learned a level 3 spell: Mephitic Cloud
   492 | D:1      | Learned a level 3 spell: Conjure Flame
  1203 | D:2      | Found a white marble altar of Elyvilon.
  1362 | D:2      | Found an ornate altar of the Wu Jian Council.
  1633 | D:2      | Reached skill level 1 in Poison Magic
  2040 | D:3      | Reached XP level 4. HP: 36/36 MP: 3/8
  2302 | D:3      | Reached skill level 1 in Fire Magic
  2410 | D:3      | Noticed Natasha
  2423 | D:3      | Killed Natasha
  2423 | D:3      | Reached skill level 1 in Air Magic
  2428 | D:3      | Found a white marble altar of Elyvilon.
  2473 | D:3      | Slain by a kobold

Vault maps used:
D:1:      minmay_arrival_glassed_features
D:2:      lemuel_doored_altar, first_ration, elyvilon_altar_4
D:3:      old_standard_altar, roderic_batcave, uniq_natasha

Skill      XL: |  1  2  3  4 |
---------------+-------------+-----
Conjurations   | 2 3 |  3.0
Poison Magic   | 1 2 |  2.0
Fire Magic     | 1 |  1.2
Air Magic      | 1 |  1.1
Dodging        | |  1.5
Stealth        | |  3.0
Spellcasting   | |  3.3
Summonings     | |  1.0
Translocations | |  1.0

Action                   |  1- 3 |  4- 6 || total
-------------------------+-------+-------++-------
Melee: Dagger            |       |     1 ||     1
 Cast: Magic Dart        |    90 |    40 ||   130
 Abil: Spit Poison       |    10 |     5 ||    15
  Use: Scroll            |       |     3 ||     3
       Potion            |       |     3 ||     3
  Eat: Chunk             |     3 |       ||     3
Armor: Robe              |     4 |     4 ||     8
Dodge: Dodged            |    23 |    40 ||    63

Table legend:
 A = Non-vault XP
 B = Vault XP
 C = Vault XP percentage of total XP
 D = Non-vault monster count
 E = Vault monster count
 F = Vault count percentage of total count
                 A         B        C        D         E       F
            +---------+---------+-------+---------+---------+-------
      Total |     110 |      36 |  24.7 |      47 |       3 |   6.0
            +---------+---------+-------+---------+---------+-------
        D:1 |      48 |       0 |   0.0 |      23 |       0 |   0.0
        D:2 |      29 |       0 |   0.0 |      10 |       0 |   0.0
        D:3 |      33 |      36 |  52.2 |      14 |       3 |  17.6
            +---------+---------+-------+---------+---------+-------
